 Dungeon Crawl Stone Soup version 0.24.0-1-gfbc8707 (webtiles) character file.

Game seed: 11545806349442034723, levelgen mode: deterministic

203 Faca the Skirmisher (level 5, 0/43 HPs)
             Began as a Merfolk Necromancer on Nov 8, 2019.
             Succumbed to a scorpion's poison
             ... on level 4 of the Dungeon.
             The game lasted 00:09:37 (4867 turns).

Faca the Skirmisher (Merfolk Necromancer)           Turns: 4867, Time: 00:09:37

Health: 0/43       AC:  8    Str: 14    XL:     5   Next: 81%
Magic:  8/8        EV: 11    Int: 15    God:
Gold:   186        SH:  0    Dex: 14    Spells: 7/8 levels left

rFire    . . .     SeeInvis .   i - +0 spear
rCold    . . .     Gourm    .   (no shield)
rNeg     . . .     Faith    .   d - +0 ring mail
rPois    .         Spirit   .   j - +0 helmet
rElec    .         Reflect  .   m - +0 cloak
rCorr    .         Harm     .   (no gloves)
MR       +....                  h - +0 pair of boots
Stlth    ++........             (no amulet)
HPRegen  0.14/turn              a - ring of protection from magic
MPRegen  0.11/turn              g - ring of stealth

@: mighty, lethally poisoned (0 -> -23)
A: change form in water, swift swim, stealthy swim
a: no special abilities


You were on level 4 of the Dungeon.
You were hungry.

You visited 1 branch of the dungeon, and saw 4 of its levels.

You collected 186 gold pieces.

Inventory:

Hand Weapons
 i - a +0 spear (weapon)
Missiles
 n - 2 boomerangs (quivered)
Armour
 d - a +0 ring mail (worn)
 h - a +0 pair of boots (worn)
 j - a +0 helmet (worn)
 m - a +0 cloak (worn)
Jewellery
 a - a ring of protection from magic (left hand)
 g - a ring of stealth (right hand)
Scrolls
 b - a scroll of remove curse
Potions
 f - a potion of cancellation
 l - a potion of brilliance
 p - a potion of mutation
Comestibles
 c - 3 rations


   Skills:
 + Level 4.7 Fighting
 + Level 4.3 Polearms
 - Level 2.6 Dodging
 - Level 2.1 Stealth
 - Level 2.0 Spellcasting
 - Level 3.2 Necromancy


You had 7 spell levels left.
You knew the following spells:

 Your Spells              Type           Power        Failure   Level  Hunger
a - Pain                  Necr           ##..         12%         1    #......

Your spell library contained the following spells:

 Spells                   Type           Power        Failure   Level  Hunger
 Animate Skeleton         Necr           N/A          12%         1    #......
 Vampiric Draining        Necr           ##........   34%         3    ###....
 Regeneration             Chrm/Necr      #.........   56%         3    ###....
 Animate Dead             Necr           N/A          75%         4    #####..


Dungeon Overview and Level Annotations

Branches:
Dungeon (4/15)
 Temple: D:4-7

Altars:


Message History

The scorpion is almost dead.
The scorpion stings you.
* * * LOW HITPOINT WARNING * * *
You are lethally poisoned!
The scorpion poisons you!
You closely miss the scorpion.
The scorpion is almost dead.
* * * LOW HITPOINT WARNING * * *
You feel sick.
The scorpion stings you but does no damage.
You closely miss the scorpion.
The scorpion is almost dead.
* * * LOW HITPOINT WARNING * * *
You feel sick. The scorpion stings you.
* * * LOW HITPOINT WARNING * * *
You are more poisoned.
The scorpion poisons you!
It was a potion of might.
You feel very mighty all of a sudden.
You die...

. ##....###.# #.# ..
...#.....###.######## ..
....##.............####
...............###........
#..#.###.....## ##.....##
#..#.#####.#.# #.###.##
#............# #.# #...
#.##.###.#.##.# ..# #.##
#.# #@#.# #...#.. ..#.
.##.###s#.###.#.### ###.
........?....## . #.
.##.....?.###.# #.
..........# #. ......###(#
#. ###... .. #. ###. ..#
#. #. ... #.


You could see a scorpion.

Vanquished Creatures
  A hound (D:3)
  Robin (D:3)
  5 adders
  2 oozes
  2 dart slugs (D:1)
  6 leopard geckos
  5 orcs
  4 giant cockroaches
  7 hobgoblins
  10 jackals
  3 quokkas
  6 bats
  5 frilled lizards
  A giant cockroach zombie (D:1)
  17 goblins
  A jackal zombie (D:1)
  8 kobolds
  5 rats
89 creatures vanquished.

Notes
Turn   | Place    | Note
-------+----------+-------------------------------------------
     0 | D:1      | Faca the Merfolk Necromancer began the quest for the Orb.
     0 | D:1      | Reached XP level 1. HP: 13/13 MP: 3/3
   170 | D:1      | Reached skill level 1 in Fighting
   275 | D:1      | Reached XP level 2. HP: 17/22 MP: 5/5
  1228 | D:1      | Reached XP level 3. HP: 28/28 MP: 4/6
  1610 | D:1      | Reached skill level 1 in Polearms
  2355 | D:2      | Reached XP level 4. HP: 32/35 MP: 7/7
  3684 | D:3      | Reached XP level 5. HP: 24/42 MP: 8/8
  3865 | D:4      | Noticed Robin
  4324 | D:3      | Killed Robin
  4708 | D:4      | Noticed an ogre
  4866 | D:4      | HP: 2/43 [scorpion (3)]
  4867 | D:4      | Succumbed to a scorpion's poison

Levels and vault maps discovered:
D:1:      saegor_arrival_fortress, layout_loops_corners, nrook_mini_backslash
D:2:      layout_loops_cross
D:3:      layout_loops_ring
D:4:      layout_loops_ring, regret_index_temple_of_mockery,
          kennysheep_mini_moat, nicolae_overflow_hidden_temple, uniq_robin,
          uniq_pikel

Skill      XL: |  1  2  3  4  5 |
---------------+----------------+-----
Fighting       | 1 2 3 4 |  4.7
Polearms       | 1 3 4 |  4.3
Dodging        | |  2.6
Stealth        | |  2.1
Spellcasting   | |  2.0
Necromancy     | |  3.2

Action                   |  1- 3 |  4- 6 || total
-------------------------+-------+-------++-------
Melee: Unarmed           |    35 |       ||    35
       Dagger            |   104 |       ||   104
       Tailslap          |     3 |       ||     3
       Spear             |   122 |   327 ||   449
Throw: Boomerang         |       |     1 ||     1
 Cast: Pain              |    10 |       ||    10
  Use: Scroll            |       |     9 ||     9
       Potion            |       |     4 ||     4
 Stab: Sleeping          |     3 |     5 ||     8
       Distracted        |     1 |       ||     1
  Eat: Chunk             |     5 |     8 ||    13
Armor: Robe              |    19 |       ||    19
       Ring mail         |    32 |   106 ||   138
Dodge: Dodged            |   155 |   185 ||   340
